Match 39883859
Unlisted

Match 39883859
End
Construct Section Command Post
Construct Section Command Post
Dingo Light Scout Car
Infantry Section
Infantry Section
Infantry Section
Construct Platoon Command Post
Selects Indian Artillery Battlegroup
Selects War Cry
Humber Armored Car
Selects Gurkha Rifles Section
Royal Engineer Section
6-pounder Anti-tank Gun Team
War Cry
Selects Artillery Saturation
Unlock Bishop Self-propelled Artillery
Construct Company Command Post
Selects Volunteer Infantry
Matilda II Heavy Tank
Selects Off-map Airburst Barrage
Unlock M3 Grant Medium Tanks
Grenade Package
6-pounder Anti-tank Gun Team
Off-map Airburst Barrage
M3 Grant Medium Tank
M3 Grant Medium Tank
Infantry Section
Foot Guards Section
Selects BL5.5 Artillery Emplacement
M3 Grant Medium Tank
Royal Engineer Section
Off-map Airburst Barrage
Royal Engineer Section
M3 Grant Medium Tank
Selects Perimeter Monitor
M3 Grant Medium Tank
Off-map Airburst Barrage
M3 Grant Medium Tank
M3 Grant Medium Tank
War Cry
cannot compute
nilshousker
BigNol
jokebook
Bright0244
대홍단 감자
0
0

Comments sign in to comment!

No comments posted yet!